 Dungeon Crawl Stone Soup version 0.30-a0-385-gfebfb9b408 (webtiles) character file.

Game seed: 3312715689632103687

4153 leviel the Cleaver (level 10, -7/88 HPs)
             Began as a Hill Orc Fighter on Dec 2, 2022.
             Was a Believer of the Shining One.
             Killed from afar by an acid dragon (20 damage)
             ... with a splash of acid
             ... on level 8 of the Dungeon.
             The game lasted 00:10:51 (7909 turns).

leviel the Cleaver (Hill Orc Fighter)               Turns: 7909, Time: 00:10:51

Health: -7/88      AC:  5    Str: 24    XL:     10   Next: 28%
Magic:  15/15      EV:  9    Int:  8    God:    the Shining One [**....]
Gold:   424        SH:  5    Dex: 10    Spells: 9/9 levels left

rFire   . . .      SeeInvis .    a - +0 war axe
rCold   + . .      Faith    .    c - +0 buckler
rNeg    + . .      Spirit   .    b - +1 scale mail
rPois   .          Reflect  .    (no helmet)
rElec   .          Harm     .    (no cloak)
rCorr   .          Rampage  .    (no gloves)
Will    .....                    (no boots)
Stlth   ..........               (no amulet)
HPRegen 0.34/turn                e - ring of protection from cold
MPRegen 0.14/turn                (no ring)

@: corroded, glowing
A: no striking features
a: Renounce Religion, Divine Shield


You were on level 8 of the Dungeon.
You worshipped the Shining One.
The Shining One was pleased with you.
You visited 1 branch of the dungeon, and saw 8 of its levels.

You collected 457 gold pieces.
You spent 33 gold pieces at shops.

Inventory:

Hand Weapons
 a - a +0 war axe (weapon)
Armour
 b - a +1 scale mail (worn)
 c - a +0 buckler (worn)
Jewellery
 d - the amulet of Keenuvyhu {Regen+ Dex+4}
   (You found it on level 6 of the Dungeon)

   [amulet of regeneration]

   Dex:       It affects your dexterity (+4).
   Regen:     It increases your rate of health regeneration.
 e - a ring of protection from cold (left hand)
 q - a ring of ice {rC+ rF-}
Wands
 t - a wand of polymorph (9)
Scrolls
 f - a scroll of butterflies {unknown}
 k - 3 scrolls of teleportation
 o - 2 scrolls of fear
 r - a scroll of identify {@r1}
Potions
 g - a potion of flight
 h - 2 potions of mutation
 i - a potion of cancellation {unknown}
 j - 2 potions of brilliance
 m - a potion of haste
 p - a potion of invisibility {unknown}


   Skills:
 + Level 8.2 Fighting
 * Level 11.2 Axes
 + Level 7.5 Armour
 + Level 7.4 Shields
 + Level 7.1 Invocations


You had 9 spell levels left.
You didn't know any spells.
Your spell library contained the following spells:

 Spells                   Type           Power      Damage    Failure   Level
 Beastly Appendage        Tmut           0%         N/A       77%         1
 Kiss of Death            Conj/Necr      0%         2d5       77%         1
 Magic Dart               Conj           0%         1d3       77%         1
 Call Imp                 Summ           0%         N/A       88%         2
 Cigotuvi's Dreadful Rot  Necr/Pois/Air  0%         N/A       88%         2
 Poisonous Vapours        Pois/Air       0%         N/A       88%         2
 Wereblood                Tmut           0%         N/A       88%         2
 Confusing Touch          Hex            0%         N/A       98%         3
 Mephitic Cloud           Conj/Pois/Air  0%         N/A       98%         3
 Spider Form              Tmut/Pois      0%         N/A       98%         3
 Dispel Undead            Necr           0%         3d6       100%        4


Dungeon Overview and Level Annotations

Branches:
Dungeon (8/15)             Temple (0/1) D:5
   Lair: D:8-11

Altars:
Cheibriados
Dithmenos
Elyvilon
Fedhas
Hepliaklqana
Makhleb
Nemelex Xobeh
Qazlal
Ru
Sif Muna
Uskayaw
Vehumet
Xom
Zin
The Shining One

Shops:
D:3 !   D:5 (


Message History

The acid dragon bites you but does no damage.
The acid dragon claws you but does no damage.
The centaur hits you.
The centaur kicks you but does no damage.
You hit the acid dragon but do no damage.
The acid dragon is severely wounded.
You hit the centaur. The centaur hits you.
The centaur kicks you but does no damage.
The acid dragon spits acid at you. The splash of acid hits you!
* * * LOW HITPOINT WARNING * * *
You hit the acid dragon but do no damage.
The acid dragon is severely wounded.
You barely miss the centaur. The centaur hits you.
* * * LOW HITPOINT WARNING * * *
The centaur kicks you but does no damage.
The acid dragon bites you.
* * * LOW HITPOINT WARNING * * *
The acid dragon claws you.
* * * LOW HITPOINT WARNING * * *
The centaur barely misses you. The centaur closely misses you.
You hit the acid dragon.
The acid dragon is almost dead.
You hit the centaur. You block the centaur's attack.
The centaur kicks you but does no damage.
The acid dragon barely misses you. The acid dragon claws you.
* * * LOW HITPOINT WARNING * * *
You feel better. You block the centaur's attack. The centaur barely misses you.
The acid dragon spits acid at you. The splash of acid misses you.
The centaur hits you.
* * * LOW HITPOINT WARNING * * *
The centaur kicks you.
* * * LOW HITPOINT WARNING * * *
You hit the acid dragon.
The acid dragon is almost dead.
You hit the centaur.
You kill the centaur!
The acid dragon spits acid at you. The splash of acid hits you!!
You die...

#.....)#########.######
#................#
#....).#########.#
.#.....######## ###
................
...............#
..#............# #
#.#..........#
#.#...@......# # #
#..)D......# .
..............# #
##/#..........+
#.#<.........# #
#.#.######## #.#. #.#.


You could see an acid dragon (catching breath).

Vanquished Creatures
  Joseph (D:7)
  Psyche (D:8)
  A hornet (D:8)
  A shadow (D:7)
  A wyvern (D:5)
  A yak (D:5)
  A wraith (D:8)
  Grum (D:8)
  Menkaure (D:7)
  A black bear (D:6)
  An ice beast (D:7)
  A sky beast (D:7)
  An orc warrior (D:8)
  3 ogres
  2 wolves (D:8)
  2 centaurs
  A phantom (D:7)
  A kobold brigand (D:8)
  Blork the orc (D:5)
  2 necrophages
  3 bullfrogs
  5 scorpions
  3 wights (D:7)
  2 howler monkeys (D:7)
  3 jellies
  3 hounds
  2 orc priests
  A gnoll bouda (D:7)
  2 iguanas (D:5)
  7 gnolls
  7 adders
  A shadow imp (D:6)
  3 white imps
  2 ufetubi
  2 worms (D:3)
  14 orcs
  8 ball pythons
  5 endoplasms
  2 giant cockroaches (D:3)
  2 goblins (D:3)
  3 hobgoblins
  6 quokkas
  7 bats
  4 frilled lizards
  5 hobgoblin zombies (D:5)
  10 kobolds
  An orc skeleton (D:5)
  5 rats
143 creatures vanquished.

Vanquished Creatures (others)
  2 plants (D:5)
2 creatures vanquished.

Grand Total: 145 creatures vanquished

Notes
Turn   | Place    | Note
-------+----------+-------------------------------------------
     0 | D:1      | leviel the Hill Orc Fighter began the quest for the Orb.
     0 | D:1      | Reached XP level 1. HP: 19/19 MP: 1/1
   117 | D:1      | Reached XP level 2. HP: 27/27 MP: 2/2
   119 | D:1      | Reached skill level 3 in Axes
   205 | D:1      | Found a faded altar of an unknown god.
   285 | D:1      | Prayed at the altar of an unknown god.
   285 | D:1      | Became a worshipper of Elyvilon the Healer
   285 | D:1      | Reached * piety under Elyvilon
   524 | D:2      | Reached XP level 3. HP: 33/33 MP: 3/3
   766 | D:2      | Found a shadowy altar of Dithmenos.
  1068 | D:2      | Reached ** piety under Elyvilon
  1199 | D:3      | Reached XP level 4. HP: 41/41 MP: 4/4
  1245 | D:3      | Found Wereruod's Distillery.
  1262 | D:3      | Bought a potion of curing for 33 gold pieces
  1461 | D:3      | Reached skill level 4 in Axes
  1461 | D:3      | Reached XP level 5. HP: 12/47 MP: 5/5
  1819 | D:4      | Found a stormy altar of Qazlal.
  1872 | D:4      | Reached skill level 1 in Invocations
  1881 | D:4      | Reached XP level 6. HP: 55/55 MP: 3/7
  2006 | D:4      | Reached skill level 5 in Fighting
  2110 | D:4      | Reached skill level 5 in Axes
  2210 | D:4      | Found a sparkling altar of Nemelex Xobeh.
  2240 | D:4      | Reached *** piety under Elyvilon
  2261 | D:4      | Found a white marble altar of Elyvilon.
  2406 | D:4      | Found a sacrificial altar of Ru.
  2459 | D:4      | Found a burning altar of Makhleb.
  2523 | D:5      | Entered Level 5 of the Dungeon
  2529 | D:5      | Noticed Blork the orc
  2728 | D:5      | Reached XP level 7. HP: 61/61 MP: 8/8
  2861 | D:5      | Killed Blork the orc
  2862 | D:5      | Reached skill level 6 in Axes
  2862 | D:5      | Reached skill level 5 in Armour
  3030 | D:5      | Found a glowing golden altar of the Shining One.
  3043 | D:5      | Fell from the grace of Elyvilon
  3043 | D:5      | Became a worshipper of the Shining One
  3043 | D:5      | Reached * piety under the Shining One
  3054 | D:5      | Reached skill level 5 in Shields
  3088 | D:5      | Found Atoach's Antique Weapon Emporium.
  3246 | D:5      | Found a staircase to the Ecumenical Temple.
  3380 | D:5      | Noticed a wyvern
  3395 | D:5      | Killed a wyvern
  3396 | D:5      | Reached skill level 7 in Axes
  3396 | D:5      | Reached XP level 8. HP: 23/70 MP: 10/10
  3805 | D:5      | Noticed a yak
  3820 | D:5      | Killed a yak
  4204 | D:6      | Identified the amulet of Keenuvyhu {Regen+ Dex+4}
  4295 | D:6      | Found a snail-covered altar of Cheibriados.
  4425 | D:6      | Found a shimmering altar of Xom.
  4577 | D:6      | Found a blossoming altar of Fedhas.
  4590 | D:6      | You fall into a shaft and drop 1 floor!
  4650 | D:6      | Reached skill level 8 in Axes
  4798 | D:6      | Found a radiant altar of Vehumet.
  4798 | D:6      | Found a hide-covered altar of Uskayaw.
  4799 | D:6      | Found a glowing silver altar of Zin.
  4893 | D:6      | Found a hazy altar of Hepliaklqana.
  5561 | D:7      | Reached skill level 5 in Invocations
  5561 | D:7      | Reached XP level 9. HP: 42/78 MP: 12/12
  5621 | D:7      | Reached skill level 9 in Axes
  5810 | D:7      | Found a shadowy altar of Dithmenos.
  5819 | D:7      | Found a shimmering blue altar of Sif Muna.
  5881 | D:7      | Reached ** piety under the Shining One
  5886 | D:7      | Noticed Menkaure
  5897 | D:7      | Killed Menkaure
  6216 | D:7      | Reached skill level 10 in Axes
  6396 | D:7      | Noticed Joseph
  6402 | D:7      | Paralysed by Joseph for 4 turns
  6417 | D:7      | Paralysed by Joseph for 2 turns
  6421 | D:7      | Killed Joseph
  7050 | D:8      | Noticed Grum
  7061 | D:8      | Killed Grum
  7062 | D:8      | Reached XP level 10. HP: 29/88 MP: 14/14
  7555 | D:8      | Reached skill level 11 in Axes
  7828 | D:8      | Noticed Psyche
  7838 | D:8      | Killed Psyche
  7909 | D:8      | Killed from afar by an acid dragon

Illustrated notes

Levels and vault maps discovered:
D:1:      ebering_trefoil_twist, layout_rooms,
          hellmonk_ecumenical_altar_crossroads
D:2:      layout_basic, basic_altar
D:3:      layout_rooms, serial_shops, shop
D:4:      layout_cave_pools, nicolae_ru_the_path_less_chosen,
          mainiacjoe_overflow_paths, mainiacjoe_overflow_surrounded_room,
          nemelex_diamond_rough_becter, kennysheep_mini
D:5:      cheibrodos_two_vegetables, layout_rooms, nicolae_tso_besieged_by_evil,
          temple_statues, serial_shops, nicolae_shop_behind_doors,
          uniq_blork_the_orc
D:6:      layout_gridville, nicolae_overflow_hidden_temple, fedhas_altar_1,
          gammafunk_temple_overflow_claw, mainiacjoe_overflow_catch_the_wave
D:7:      layout_layer_cave, mainiacjoe_overflow_swirl, uniq_menkaure,
          uniq_joseph
D:8:      layout_basic, uniq_psyche, uniq_grum

Skill      XL: |  1  2  3  4  5  6  7  8  9 10 |
---------------+-------------------------------+-----
Axes           | 3 4 5 7 8 10 11 | 11.2
Fighting       | 4 5 6 7 8 |  8.2
Shields        | 4 5 6 7 |  7.4
Armour         | 4 5 6 7 |  7.5
Invocations    | 1 2 3 5 6 7 |  7.1

Action                   |  1- 3 |  4- 6 |  7- 9 | 10-12 || total
-------------------------+-------+-------+-------+-------++-------
Melee: War axe           |    85 |   131 |   214 |    66 ||   496
Invok: Purification      |     1 |       |       |       ||     1
       Heal Other        |       |     1 |       |       ||     1
       Divine Shield     |       |       |     1 |     2 ||     3
  Use: Scroll            |       |     8 |     6 |       ||    14
       Potion            |       |     1 |     7 |     1 ||     9
Armor: Scale mail        |    45 |    56 |    65 |    28 ||   194
Dodge: Dodged            |    39 |    80 |   109 |    39 ||   267
Block: Buckler           |    18 |    40 |    50 |    20 ||   128

Table legend: (Time is in decaauts)
 A = Elapsed time spent in this place.
 B = Non-inter-level travel time spent in this place.
 C = Inter-level travel time spent in this place.
 D = Time resting spent in this place.
 E = Time spent auto-exploring this place.
 F = Levels seen in this place.
 G = Mean time per level.
                   A        B        C        D        E       F      G
               +--------+--------+--------+--------+--------+-----+--------+
         Total |   8036 |   7750 |    286 |   2314 |   4291 |   8 | 1004.5 |
       Dungeon |   8036 |   7750 |    286 |   2314 |   4291 |   8 | 1004.5 |
               +--------+--------+--------+--------+--------+-----+--------+

Top non-repeatable levels by time:
     D:5: 1541 daAuts
     D:7: 1499 daAuts
     D:6: 1303 daAuts
     D:4: 927 daAuts
     D:8: 913 daAuts
     D:2: 683 daAuts
     D:3: 635 daAuts
     D:1: 531 daAuts
